 Dungeon Crawl Stone Soup version 0.29.0-4-gdea44cf6ec (webtiles) character file.

Game seed: 567744293345997036

1264 qw the Cleaver (level 8, 0/47 HPs)
             Began as a Tengu Warper on Aug 29, 2022.
             Was a Believer of Okawaru.
             Slain by Duvessa
             ... wielding a +4 antimagic short sword
              (9 damage)
             ... on level 5 of the Dungeon.
             The game lasted 00:01:06 (4610 turns).

qw the Cleaver (Tengu Warper)                       Turns: 4610, Time: 00:01:06

Health: 0/47       AC: 14    Str: 14    XL:     8   Next: 52%
Magic:  0/12       EV: 10    Int: 18    God:    Okawaru [**....]
Gold:   517        SH:  0    Dex: 13    Spells: 11/11 levels left

rFire   . . .      SeeInvis .   c - +0 war axe
rCold   . . .      Faith    .   (no shield)
rNeg    . . .      Spirit   .   a - +1 chain mail "Tehej" {Contam rElec Int+4 Slay+6}
rPois   .          Reflect  .   (helmet restricted)
rElec   +          Harm     .   e - +0 cloak
rCorr   .          Rampage  .   o - +0 pair of gloves
Will    .....                   (boots unavailable)
Stlth   ..........              (no amulet)
HPRegen 0.15/turn               (no ring)
MPRegen 0.13/turn               (no ring)

@: about to teleport, heroic, flying quickly and evasively, quick
A: beak, talons 3, nimble flight
a: Renounce Religion, Heroism


You were on level 5 of the Dungeon.
You worshipped Okawaru.
Okawaru was pleased with you.
You visited 1 branch of the dungeon, and saw 5 of its levels.
You also visited: Ossuary.

You collected 517 gold pieces.


Innate Abilities, Weirdness & Mutations

You have a beak for a mouth.
You have claws for feet.
Your magical nature lets you fly swiftly and evasively.


   Skills:
 - Level 3.6(8.6) Fighting
 + Level 8.8(13.8) Axes
 - Level 1.0(6.0) Throwing
 - Level 3.1(8.1) Armour
 - Level 2.1(7.1) Dodging
 - Level 2.0 Spellcasting
 - Level 2.4 Translocations
 - Level 4.0 Invocations


You had 11 spell levels left.
You didn't know any spells.
Your spell library contained the following spells:

 Spells                   Type           Power      Damage    Failure   Level
 Blink                    Tloc           20%        N/A       86%         2
 Gell's Gravitas          Tloc           10%        N/A       98%         3
 Lesser Beckoning         Tloc           10%        N/A       98%         3
 Teleport Other           Tloc           10%        N/A       98%         3
 Manifold Assault         Tloc           10%        N/A       100%        5

Inventory:

Hand Weapons
 c - a +0 war axe (weapon)
 f - a +1 antimagic whip
Armour
 a - the +1 chain mail "Tehej" (worn) {Contam rElec Int+4 Slay+6}
   (You found it on level 2 of the Dungeon)

   Int:       It affects your intelligence (+4).
   Slay:      It affects your accuracy & damage with ranged weapons and melee
   (+6).
   rElec:     It insulates you from electricity.
   Contam:    It causes magical contamination when unequipped.
 e - a +0 cloak (worn)
 l - a scarf of resistance
 o - a +0 pair of gloves (worn)
Scrolls
 g - a scroll of teleportation
 q - a scroll of identify
Potions
 b - a potion of flight {unknown}
 d - 4 potions of curing
 h - a potion of brilliance {unknown}
 i - a potion of mutation {unknown}
 j - a potion of berserk rage {unknown}
 k - a potion of haste
 m - a potion of heal wounds
 n - a potion of might {unknown}
 p - a potion of degeneration {unknown}

Dungeon Overview and Level Annotations

Branches:
Dungeon (5/15)            Ossuary (visited)
 Temple: D:4-7

Altars:
Dithmenos
Okawaru
Ru
The Shining One

Annotations:
D:4 3 runed translucent doors, qw's ghost, amateur TeWr
D:5 Duvessa


Message History

q - a scroll of identify Dowan, Brother of Duvessa comes into view.
He is wielding a +0 dagger.
Dowan shouts!
You hear a shout!
4599 ||| INVOKING Heroism.
You gain the combat prowess of a mighty hero.
Duvessa, Sister of Dowan comes into view.
She is wielding a +4 antimagic short sword and wearing a +1 ring mail of fire resistance.
Duvessa shouts!
Dowan says, "Stay away from my face!"
Dowan hits you but does no damage.
You hit Dowan. You claw Dowan! You peck Dowan!
Dowan is severely wounded.
Dowan hits you but does no damage.
You closely miss Dowan.
Dowan is severely wounded.
Dowan hits you but does no damage.
You hit Dowan. You claw Dowan.
You kill Dowan!
Okawaru accepts your kill.
Duvessa weeps, and shakes her weapon.
Duvessa goes berserk!
You slash Duvessa! You claw Duvessa. You peck Duvessa.
Duvessa is moderately wounded.
Duvessa hits you with a +4 antimagic short sword!
You feel your power leaking away.
Duvessa hits you with a +4 antimagic short sword!
You feel your power leaking away.
You slash Duvessa! Your kick misses Duvessa.
Duvessa is heavily wounded.
Duvessa closely misses you.
You hit Duvessa but do no damage. You claw Duvessa.
Duvessa is heavily wounded.
Duvessa hits you with a +4 antimagic short sword.
You hit Duvessa. You peck Duvessa.
Duvessa is severely wounded.
Duvessa hits you with a +4 antimagic short sword!
4610 ||| READING 2 scrolls of teleportation.
As you read the scroll of teleportation, it crumbles to dust.
You feel strangely unstable.
Duvessa hits you with a +4 antimagic short sword!
You die...

#
#............#
#
############.#
# #.# # #.# #
#.# #######
#.# ....(..
#.# #######
#.# # #@# #
#e# # #.# #
#.# ##### #.#
.)..# ### #.#
###.# ##<##
#.# #.# #...#
..# #.# #.}.#


You could see Duvessa (berserk).

Vanquished Creatures
  Pikel (D:5)
  Eustachio (D:5)
  2 phantoms
  An elf zombie (Ossuary)
  A scorpion (D:4)
  Dowan (D:5)
  A hound (D:5)
  An orc priest (D:4)
  4 iguanas
  2 mummies (Ossuary)
  7 adders
  A white imp (D:4)
  A worm (D:3)
  3 dart slugs
  6 orcs
  8 endoplasms
  4 giant cockroaches
  2 gnoll zombies (Ossuary)
  10 goblins
  12 hobgoblins
  2 jackals (D:3)
  7 quokkas
  5 ball pythons
  7 bats
  6 frilled lizards
  5 goblin zombies (Ossuary)
  2 hobgoblin zombies (Ossuary)
  7 kobolds
  4 orc zombies (Ossuary)
  4 rats
118 creatures vanquished.

Notes
Turn   | Place    | Note
-------+----------+-------------------------------------------
     0 | D:1      | qw the Tengu Warper began the quest for the Orb.
     0 | D:1      | Reached XP level 1. HP: 12/12 MP: 4/4
     0 | D:1      | 0 ||| qw: Version: 0.1-a-89-g26bdef1
     0 | D:1      | 0 ||| qw: Game counter: 3550
     0 | D:1      | 0 ||| qw: Always use a shield: true
     0 | D:1      | 0 ||| qw: God list: Okawaru
     0 | D:1      | 0 ||| qw: Allow faded altars: false
     0 | D:1      | 0 ||| qw: Do Orc after D:15 true
     0 | D:1      | 0 ||| qw: Do second Lair branch before Depths: true
     0 | D:1      | 0 ||| qw: Lair rune preference: random
     0 | D:1      | 0 ||| qw: Plans: Normal
     0 | D:1      | 0 ||| PLANNING D:1-11
    86 | D:1      | Reached XP level 2. HP: 7/17 MP: 6/6
   271 | D:1      | 271 ||| Stepping ~*~*~tactically~*~*~ (stealth).
   277 | D:1      | Reached skill level 3 in Axes
   281 | D:1      | 281 ||| Stepping ~*~*~tactically~*~*~ (stealth).
   328 | D:1      | 328 ||| Stepping ~*~*~tactically~*~*~ (stealth).
   511 | D:1      | 511 ||| Stepping ~*~*~tactically~*~*~ (stealth).
   633 | D:1      | Reached XP level 3. HP: 21/21 MP: 7/7
   788 | D:1      | 788 ||| Stepping ~*~*~tactically~*~*~ (hiding).
   798 | D:1      | Reached skill level 4 in Axes
   945 | D:1      | 945 ||| UPGRADING to +0 ring mail.
   955 | D:1      | 955 ||| DROPPING +0 leather armour.
   956 | D:1      | 956 ||| READING scroll labelled SIMUCH EPTO.
   957 | D:1      | 957 ||| READING scroll labelled RYLU WIOTISIE.
   962 | D:1      | 962 ||| DRINKING 2 fuming inky potions.
   963 | D:1      | 963 ||| DRINKING 2 purple potions.
   964 | D:1      | 964 ||| DROPPING scroll of blinking.
   980 | D:2      | Identified the +1 chain mail "Tehej" {Contam rElec Int+4
                  | Slay+6}
   994 | D:2      | 994 ||| Stepping ~*~*~tactically~*~*~ (hiding).
   998 | D:2      | 998 ||| Stepping ~*~*~tactically~*~*~ (hiding).
  1211 | D:2      | HP: 5/21 [poisoned by an adder]
  1472 | D:2      | 1472 ||| DROPPING +0 whip.
  1632 | D:2      | Reached XP level 4. HP: 26/26 MP: 8/8
  1830 | D:2      | 1830 ||| UPGRADING to +1 chain mail "Tehej" {Contam rElec
                  | Int+4 Slay+6}.
  1840 | D:2      | 1840 ||| UPGRADING to +0 cloak.
  1845 | D:2      | 1845 ||| DROPPING +0 ring mail.
  1846 | D:2      | 1846 ||| READING scroll labelled ONAAPS KAXTEO.
  1847 | D:2      | 1847 ||| READING scroll labelled BUSOSO IP CIQE.
  1848 | D:2      | 1848 ||| READING scroll labelled ZAROGEPIWA.
  2013 | D:3      | 2013 ||| Stepping ~*~*~tactically~*~*~ (stealth).
  2019 | D:3      | 2019 ||| Stepping ~*~*~tactically~*~*~ (stealth).
  2022 | D:3      | 2022 ||| Stepping ~*~*~tactically~*~*~ (stealth).
  2058 | D:3      | Reached skill level 5 in Axes
  2099 | D:3      | 2099 ||| Stepping ~*~*~tactically~*~*~ (stealth).
  2100 | D:3      | 2100 ||| Stepping ~*~*~tactically~*~*~ (stealth).
  2101 | D:3      | 2101 ||| Stepping ~*~*~tactically~*~*~ (stealth).
  2146 | D:3      | Found a glowing golden altar of the Shining One.
  2304 | D:3      | 2304 ||| Stepping ~*~*~tactically~*~*~ (stealth).
  2307 | D:3      | 2307 ||| Stepping ~*~*~tactically~*~*~ (stealth).
  2315 | D:3      | 2315 ||| Stepping ~*~*~tactically~*~*~ (stealth).
  2319 | D:3      | 2319 ||| Stepping ~*~*~tactically~*~*~ (stealth).
  2321 | D:3      | Gained mutation: Your magical nature lets you fly swiftly
                  | and evasively. [Tengu growth]
  2321 | D:3      | Reached XP level 5. HP: 30/30 MP: 9/9
  2328 | D:3      | 2328 ||| Stepping ~*~*~tactically~*~*~ (stealth).
  2331 | D:3      | 2331 ||| Stepping ~*~*~tactically~*~*~ (stealth).
  2378 | D:3      | 2378 ||| Stepping ~*~*~tactically~*~*~ (stealth).
  2593 | D:3      | Found an iron altar of Okawaru.
  2594 | D:3      | Found a sacrificial altar of Ru.
  2599 | D:3      | Became a worshipper of Warmaster Okawaru
  2645 | D:3      | 2645 ||| UPGRADING to +0 pair of gloves.
  2650 | D:3      | 2650 ||| DROPPING amulet of faith.
  2651 | D:3      | 2651 ||| READING scroll labelled PIBRITECHUXUSM.
  2652 | D:3      | 2652 ||| DRINKING 2 silvery potions.
  2959 | D:4      | Noticed a phantom
  2971 | D:4      | Killed a phantom
  2972 | D:4      | Reached skill level 6 in Axes
  2972 | D:4      | Reached XP level 6. HP: 24/35 MP: 10/10
  3097 | D:4      | Found a shadowy altar of Dithmenos.
  3121 | D:4      | 3121 ||| SWAPPING to +0 war axe.
  3122 | D:4      | 3122 ||| DROPPING +0 hand axe.
  3278 | D:4      | Found a runed translucent gate.
  3278 | D:4      | Found a runed translucent gate.
  3278 | D:4      | Found a runed translucent gate.
  3288 | D:4      | Noticed qw's ghost (amateur TeWr)
  3449 | D:4      | 3449 ||| READING 2 scrolls of teleportation.
  3527 | D:5      | Entered Level 5 of the Dungeon
  3528 | D:5      | 3528 ||| PLANNING OSSUARY
  3528 | D:5      | 3528 ||| STAIRDANCE
  3559 | D:5      | 3559 ||| STAIRDANCE
  3563 | D:4      | Reached skill level 7 in Axes
  3567 | D:4      | HP: 9/36 [poisoned by a scorpion]
  3847 | D:5      | 3847 ||| STAIRDANCE
  3904 | D:5      | Reached * piety under Okawaru
  3905 | D:5      | Reached skill level 3 in Fighting
  3905 | D:5      | Reached XP level 7. HP: 41/41 MP: 11/11
  3927 | D:5      | Noticed Eustachio
  3928 | D:5      | 3928 ||| INVOKING Heroism.
  3934 | D:5      | Killed Eustachio
  3935 | D:5      | Reached skill level 3 in Armour
  3935 | D:5      | Reached skill level 1 in Invocations
  3967 | D:5      | Noticed Pikel
  3969 | D:5      | 3969 ||| Stepping ~*~*~tactically~*~*~ (stealth).
  3973 | D:5      | 3973 ||| INVOKING Heroism.
  3975 | D:5      | 3975 ||| Stepping ~*~*~tactically~*~*~ (stealth).
  3979 | D:5      | Killed Pikel
  3979 | D:5      | Reached ** piety under Okawaru
  3980 | D:5      | Reached skill level 8 in Axes
  3980 | D:5      | Reached skill level 3 in Invocations
  3980 | D:5      | Reached XP level 8. HP: 35/47 MP: 9/12
  4139 | D:5      | Found a sand-covered staircase.
  4144 | Ossuary  | Entered an ossuary
  4164 | Ossuary  | 4164 ||| INVOKING Heroism.
  4300 | D:5      | 4300 ||| PLANNING D:1-11
  4598 | D:5      | Noticed Dowan
  4599 | D:5      | 4599 ||| INVOKING Heroism.
  4600 | D:5      | Noticed Duvessa
  4605 | D:5      | Killed Dowan
  4609 | D:5      | HP: 8/47 [Duvessa/+4 antimagic short sword (11)]
  4610 | D:5      | 4610 ||| READING 2 scrolls of teleportation.
  4610 | D:5      | Slain by Duvessa

Levels and vault maps discovered:
D:1:      eino_arrival_cavern_d, layout_rooms
D:2:      layout_rooms
D:3:      layout_rooms, lemuel_crystal_altar, nicolae_overflow_two_pavilions,
          nrook_uturn, minmay_vboxes
D:4:      layout_cave_pods, grunt_dithmenos_smoke, gammafunk_ghost_split,
          minmay_misc_feat_ornament
D:5:      layout_basic, enter_ossuary_2, chequers_serial_rivers_micro_e,
          grunt_ministairs_4, st_stairs_7, uniq_pikel, uniq_duvessa,
          uniq_eustachio

Skill      XL: |  1  2  3  4  5  6  7  8 |
---------------+-------------------------+-----
Axes           | 3 4 5 6 7 8 |  8.8
Armour         | 2 3 |  3.1
Fighting       | 3 |  3.6
Invocations    | 3 4 |  4.0
Throwing       | |  1.0
Dodging        | |  2.1
Spellcasting   | |  2.0
Translocations | |  2.4

Action                   |  1- 3 |  4- 6 |  7- 9 || total
-------------------------+-------+-------+-------++-------
Melee: Hand axe          |    93 |    74 |       ||   167
       Kick              |    23 |    22 |    24 ||    69
       Peck              |    13 |    10 |    13 ||    36
       Punch             |     2 |       |       ||     2
       War axe           |       |    24 |    55 ||    79
Throw: Boomerang         |     7 |       |       ||     7
Invok: Heroism           |       |       |     4 ||     4
  Use: Scroll            |     2 |     5 |     1 ||     8
       Potion            |     2 |     1 |       ||     3
Armor: Leather armour    |    11 |       |       ||    11
       Ring mail         |    13 |     7 |       ||    20
       Chain mail        |       |    47 |    14 ||    61
Dodge: Dodged            |    36 |    23 |     7 ||    66

Table legend:
 A = Non-vault XP
 B = Vault XP
 C = Vault XP percentage of total XP
 D = Non-vault monster count
 E = Vault monster count
 F = Vault count percentage of total count
                 A         B        C        D         E       F
            +---------+---------+-------+---------+---------+-------
      Total |     632 |    1174 |  65.0 |      84 |      34 |  28.8
            +---------+---------+-------+---------+---------+-------
        D:1 |      48 |       0 |   0.0 |      29 |       0 |   0.0
        D:2 |      38 |       0 |   0.0 |      14 |       0 |   0.0
        D:3 |      77 |      17 |  18.1 |      18 |       9 |  33.3
        D:4 |     239 |     133 |  35.8 |      17 |       6 |  26.1
        D:5 |     230 |     879 |  79.3 |       6 |       3 |  33.3
    Ossuary |       0 |     145 | 100.0 |       0 |      16 | 100.0
            +---------+---------+-------+---------+---------+-------
